 Dungeon Crawl Stone Soup version 0.29-a0-870-g2c972031a6 (webtiles) character file.

Game seed: 2784356510652241966

1386 kevlar127 the Ruffian (level 8, -1/80 HPs)
             Began as a Troll Berserker on July 17, 2022.
             Was a Priest of Trog.
             Slain by a centaur
             ... wielding a +0 whip
              (6 damage)
             ... on level 6 of the Dungeon.
             The game lasted 00:09:01 (4028 turns).

kevlar127 the Ruffian (Troll Berserker)             Turns: 4028, Time: 00:09:02

Health: -1/80      AC:  5    Str: 28    XL:     8   Next: 40%
Magic:  7/7        EV: 10    Int:  3    God:    Trog [***...]
Gold:   191        SH:  0    Dex:  9    Spells: 7/7 levels left

rFire   . . .      SeeInvis .     - Unarmed
rCold   . . .      Faith    .   (no shield)
rNeg    . . .      Spirit   .   a - +0 animal skin
rPois   .          Reflect  .   (helmet restricted)
rElec   .          Harm     .   F - +0 cloak
rCorr   .          Rampage  .   (gloves unavailable)
Will    .....                   (boots unavailable)
Stlth   +.........              (no amulet)
HPRegen 1.03/turn               (no ring)
MPRegen 0.10/turn               (no ring)

@: no status effects
A: large, unfitting armour, claws 3, regeneration 1, shaggy fur 1, tough skin 1
a: Renounce Religion, Berserk, Trog's Hand


You were on level 6 of the Dungeon.
You worshipped Trog.
Trog was most pleased with you.
You visited 1 branch of the dungeon, and saw 6 of its levels.
You also visited: Sewer.

You collected 191 gold pieces.

Inventory:

Missiles
 b - 51 stones (quivered)
 n - 10 large rocks
 p - 8 boomerangs
 u - 12 poisoned darts
 v - a curare-tipped dart
 B - 2 atropa-tipped darts
Armour
 a - a +0 animal skin (worn)
 F - a +0 cloak (worn)
Wands
 A - a wand of charming (6)
Scrolls
 e - 4 scrolls of teleportation {unknown}
 f - 2 scrolls of noise {unknown}
 g - a scroll of torment {unknown}
 i - 6 scrolls of blinking {unknown}
 l - a scroll of vulnerability {unknown}
 o - 5 scrolls of identify {unknown}
 s - a scroll of poison {unknown}
 t - 2 scrolls of magic mapping {unknown}
 x - a scroll of fear {unknown}
 y - a scroll of amnesia {unknown}
 C - a scroll of enchant weapon {unknown}
 D - a scroll of summoning {unknown}
Potions
 c - a potion of resistance {unknown}
 d - 2 potions of haste {unknown}
 h - 2 potions of brilliance {unknown}
 j - 3 potions of lignification {unknown}
 k - 2 potions of degeneration {unknown}
 m - 3 potions of might {unknown}
 q - 3 potions of heal wounds {unknown}
 r - a potion of magic {unknown}
 w - a potion of cancellation {unknown}
 z - 2 potions of attraction {unknown}
 E - 2 potions of berserk rage


   Skills:
 + Level 5.3 Fighting
 + Level 4.3 Throwing
 - Level 4.0 Dodging
 + Level 6.6 Unarmed Combat


You had 7 spell levels left.
You didn't know any spells.
Your spell library was empty.

Dungeon Overview and Level Annotations

Branches:
Dungeon (5/15)             Temple (0/1) D:5           Sewer (visited)

Altars:
Uskayaw
Xom


Innate Abilities, Weirdness & Mutations

You are too large for most types of armour.
You have claws for hands.
Your natural rate of healing is unusually fast.
You are covered in fur. (AC +1)
You have tough skin. (AC +1)


Message History

You are too injured to fight recklessly!
You are too injured to fight recklessly!
You are too injured to fight recklessly!
You are too injured to fight recklessly!
You are too injured to fight recklessly!
You are too injured to fight recklessly!
You are too injured to fight recklessly!
You are too injured to fight recklessly!
You are too injured to fight recklessly!
You are too injured to fight recklessly!
You are too injured to fight recklessly!
You are too injured to fight recklessly!
You are too injured to fight recklessly!
Unknown command.
You barely miss the hound.
The hound is severely wounded.
The hound bites you. The white imp hits you. The white imp freezes you.
You completely miss the hound.
The hound is severely wounded.
The hound barely misses you.
The centaur unwields a +0 shortbow.
The centaur wields a +0 whip.
The centaur drinks a potion.
The centaur goes berserk!
Unknown command.
You claw the hound!
You kill the hound!
Trog accepts your kill. The white imp barely misses you.
The centaur hits you with a +0 whip!
* * * LOW HITPOINT WARNING * * *
The centaur closely misses you.
You claw the white imp!
The white imp is almost dead.
The centaur hits you with a +0 whip.
* * * LOW HITPOINT WARNING * * *
The centaur kicks you.
* * * LOW HITPOINT WARNING * * *
The white imp gestures at you. The puff of frost hits you.
* * * LOW HITPOINT WARNING * * *
The centaur hits you with a +0 whip.
You die...

##############
#.............
#.#.#.#.#.#.#.
#.............
#.#.#.#.#.#.#.
#########.............
#.........#.#.#.#.#.##
#.......##.>.........#
#..$†@.>###.#)#)#.#.##
#...c5..##.......[...#
#.......###.#.#.#.#.##
#.............))......#
#.##..$....#.#[#.#.#.##
.. ..#.###......######
. .###.# ##...#.# .#
#.# #..###.# ...# #.#


You could see a centaur (berserk) and a white imp.

Vanquished Creatures
  Grinder (D:3)
  The ghost of Vadun the Ruffian, an amateur TrGl (D:3)
  An orc warrior (D:6)
  2 ogres
  A kobold brigand (Sewer)
  Blork the orc (D:4)
  2 necrophages (D:6)
  4 crimson imps (D:3)
  2 hounds (D:6)
  2 orc priests (D:6)
  Crazy Yiuf (D:4)
  Ijyb (D:3)
  8 gnolls
  A river rat (D:3)
  6 adders
  4 worms
  7 dart slugs
  6 orcs
  4 ball pythons
  8 bats
  6 endoplasms
  7 giant cockroaches
  6 hobgoblins
  3 jackals (D:3)
  6 quokkas
  6 frilled lizards
  5 goblins
  22 kobolds
  12 rats
136 creatures vanquished.

Vanquished Creatures (others)
  A plant (D:6)
1 creature vanquished.

Grand Total: 137 creatures vanquished

Notes
Turn   | Place    | Note
-------+----------+-------------------------------------------
     0 | D:1      | kevlar127 the Troll Berserker began the quest for the Orb.
     0 | D:1      | Reached XP level 1. HP: 22/22 MP: 0/0
    87 | D:1      | Reached XP level 2. HP: 28/29 MP: 1/1
   311 | D:1      | Reached ** piety under Trog
   467 | D:1      | Reached XP level 3. HP: 36/36 MP: 2/2
   796 | D:2      | Reached XP level 4. HP: 21/45 MP: 3/3
  1088 | D:2      | Reached skill level 4 in Unarmed Combat
  1155 | D:2      | Found a faded altar of an unknown god.
  1796 | D:3      | Found a runed translucent door.
  1797 | D:3      | Noticed an ogre
  1798 | D:3      | Noticed Vadun's ghost (amateur TrGl)
  1839 | D:3      | Reached XP level 5. HP: 43/53 MP: 4/4
  1850 | D:3      | Found a glowing drain.
  1855 | Sewer    | Entered a sewer
  2071 | Sewer    | Reached skill level 1 in Throwing
  2111 | Sewer    | Reached *** piety under Trog
  2192 | D:3      | Found a shimmering altar of Xom.
  2225 | D:3      | Reached XP level 6. HP: 56/61 MP: 5/5
  2429 | D:3      | Noticed Grinder
  2441 | D:3      | Killed Grinder
  2442 | D:3      | Reached skill level 5 in Unarmed Combat
  2442 | D:3      | Reached XP level 7. HP: 46/70 MP: 6/6
  2531 | D:3      | Noticed Ijyb
  2563 | D:3      | Killed Ijyb
  3061 | D:3      | Killed Vadun's ghost
  3107 | D:4      | Found a hide-covered altar of Uskayaw.
  3291 | D:4      | Noticed Blork the orc
  3308 | D:4      | Killed Blork the orc
  3309 | D:4      | Reached skill level 6 in Unarmed Combat
  3309 | D:4      | Reached XP level 8. HP: 37/79 MP: 7/7
  3499 | D:4      | Found a runed translucent door.
  3500 | D:4      | Noticed Crazy Yiuf
  3585 | D:4      | Killed Crazy Yiuf
  3742 | D:5      | Entered Level 5 of the Dungeon
  3750 | D:5      | Found a staircase to the Ecumenical Temple.
  3857 | D:5      | You fall into a shaft and drop 1 floor!
  3867 | D:6      | Reached skill level 5 in Fighting
  4028 | D:6      | Slain by a centaur

Illustrated notes

Levels and vault maps discovered:
D:1:      saegor_arrival_miasma, layout_basic
D:2:      layout_loops_cross, shapermc_ecumenical_altar_starsandcircs,
          minmay_misc_feat_tiny
D:3:      layout_loops_ring, led_xom_imps, gup_sewer_entry_bowl,
          ebering_ghost_inner_flame, uniq_grinder, uniq_ijyb
D:4:      layout_rooms, nicolae_uskayaw_dance_hall, dk_noncrumbling_3,
          uniq_blork_the_orc, uniq_crazy_yiuf_cottage
D:5:      layout_loops_ring, temple_doors_e
D:6:      layout_rooms, nicolae_tso_carved_into_rock,
          mainiacjoe_overflow_boulevard, st_stairs_10

Skill      XL: |  1  2  3  4  5  6  7  8 |
---------------+-------------------------+-----
Fighting       | 3 4 5 |  5.3
Dodging        | 3 4 |  4.0
Unarmed Combat | 4 5 6 |  6.6
Throwing       | 1 2 3 4 |  4.3

Action                   |  1- 3 |  4- 6 |  7- 9 || total
-------------------------+-------+-------+-------++-------
Melee: Unarmed           |    75 |   191 |   132 ||   398
       Punch             |     1 |     4 |     4 ||     9
Invok: Berserk           |     1 |       |     2 ||     3
       Trog's Hand       |       |       |     2 ||     2
Armor: Animal skin       |    17 |    73 |    24 ||   114
Dodge: Dodged            |    43 |   105 |    74 ||   222

Table legend: (Time is in decaauts)
 A = Elapsed time spent in this place.
 B = Non-inter-level travel time spent in this place.
 C = Inter-level travel time spent in this place.
 D = Time resting spent in this place.
 E = Time spent auto-exploring this place.
 F = Levels seen in this place.
 G = Mean time per level.
                   A        B        C        D        E       F      G
               +--------+--------+--------+--------+--------+-----+--------+
         Total |   4063 |   3905 |    158 |    767 |   2282 |   7 |  580.4 |
       Dungeon |   3741 |   3583 |    158 |    767 |   2109 |   6 |  623.5 |
         Sewer |    322 |    322 |      0 |      0 |    172 |   1 |  322.0 |
               +--------+--------+--------+--------+--------+-----+--------+

Top non-repeatable levels by time:
     D:3: 1010 daAuts
     D:2: 994 daAuts
     D:1: 789 daAuts
     D:4: 658 daAuts
   Sewer: 322 daAuts
     D:6: 173 daAuts
     D:5: 114 daAuts
